 Dungeon Crawl Stone Soup version 0.31.0-11-ge490571c62 (webtiles) character file.

Game seed: 4985221436912617777

219 ezpacito the Chopper (level 5, -6/61 HPs)
             Began as a Demonspawn Berserker on Jan 31, 2024.
             Was a Believer of Trog.
             Mangled by Pikel
             ... wielding a +1 whip of electrocution
              (7 damage)
             ... on level 4 of the Dungeon.
             The game lasted 00:05:38 (2536 turns).

ezpacito the Chopper (Demonspawn Berserker)         Turns: 2536, Time: 00:05:39

Health: -6/61      AC: 10    Str: 18    XL:     5   Next: 63%
Magic:  5/5        EV:  8    Int:  7    God:    Trog [**....]
Gold:   8          SH:  0    Dex: 14    Spells: 4/4 levels left

rFire   . . .        a - +0 hand axe
rCold   . . .        (no shield)
rNeg    . . .        e - +0 chain mail
rPois   .            (no helmet)
rElec   .            (no cloak)
rCorr   .            (no gloves)
SInv    .            (no boots)
Will    .....        (no amulet) Stlth
                     (no ring)
HPRegen 0.30/turn    (no ring)
MPRegen 0.09/turn

%: no passive effects
@: berserking, very quick
A: thin metallic scales 1, spiny 1
a: Renounce Religion, Berserk, Trog's Hand


You were on level 4 of the Dungeon.
You worshipped Trog.
Trog was pleased with you.
You visited 1 branch of the dungeon, and saw 4 of its levels.

You collected 104 gold pieces.
You spent 96 gold pieces at shops.

Inventory:

Hand Weapons
 a - a +0 hand axe (weapon)
 k - a +1 whip of venom
 n - a +0 antimagic dagger
Missiles
 c - 3 poisoned darts (quivered)
 o - 24 stones
Armour
 e - a +0 chain mail (worn)
Scrolls
 d - 3 scrolls of identify {unknown}
 h - 4 scrolls of teleportation
 i - a scroll of enchant weapon {unknown}
 j - 2 scrolls of poison {unknown}
 l - a scroll of amnesia {unknown}
 q - a scroll of fear {unknown}
 r - a scroll of blinking {unknown}
Potions
 b - a potion of might {unknown}
 f - 2 potions of mutation
 g - 2 potions of lignification {unknown}
 m - a potion of brilliance {unknown}
 p - 2 potions of cancellation {unknown}


   Skills:
 * Level 3.5 Fighting
 * Level 4.2 Axes
 - Level 1.0 Throwing
 * Level 2.4 Armour
 * Level 2.3 Dodging
 * Level 1.4 Stealth
 * Level 1.0 Unarmed Combat


You had 4 spell levels left.
You didn't know any spells.
Your spell library contained the following spells:

 Spells                   Type           Power      Damage    Failure   Level
 Kiss of Death            Conj/Necr      0%         2d5       99%         1
 Slow                     Hex            0%         N/A       99%         1
 Confusing Touch          Hex            0%         N/A       100%        3
 Sigil of Binding         Hex            0%         N/A       100%        3
 Vampiric Draining        Necr           0%         2d6       100%        3
 Dispel Undead            Necr           0%         3d6       100%        4
 Manifold Assault         Tloc           0%         N/A       100%        4
 Dispersal                Tloc           0%         N/A       100%        6
 Disjunction              Tloc           0%         N/A       100%        8


Dungeon Overview and Level Annotations

Branches:
Dungeon (4/15)
 Temple: D:4-7

Altars:
Ru

Shops:
D:4 !*

Annotations:
D:4 Pikel


Innate Abilities, Weirdness & Mutations

You are partially covered in thin metallic scales. (AC +2)
You are partially covered in sharp spines.


Message History

The lemure is struck by your spines. The lemure hits you but does no damage.
You completely miss the lemure.
The lemure is moderately wounded.
You closely miss the lemure. The lemure hits you but does no damage.
You hit the lemure.
The lemure is moderately wounded.
You hit Pikel but do no damage. The lemure hits you.
You hit the lemure but do no damage.
The lemure is moderately wounded.
You hit Pikel but do no damage. The lemure is struck by your spines.
The lemure hits you but does no damage. Pikel hits you but does no damage.
You barely miss the lemure.
The lemure is heavily wounded.
You closely miss the lemure. You hit Pikel. Pikel is struck by your spines.
Pikel hits you with a +1 whip of electrocution.
The lemure closely misses you.
You barely miss the lemure.
The lemure is heavily wounded.
You hit the lemure. You hit Pikel. You barely miss the lemure.
The lemure is struck by your spines. The lemure hits you!
The lemure closely misses you. Pikel completely misses you.
The lemure hits you but does no damage.
You are too injured to fight recklessly!
You are too injured to fight recklessly!
You are too injured to fight recklessly!
Unknown command.
A red film seems to cover your vision as you go berserk!
You feel yourself moving faster!
You feel mighty! The lemure hits you. x2
Pikel hits you but does no damage.
You are electrocuted!
* * * LOW HITPOINT WARNING * * *
The lemure hits you.
* * * LOW HITPOINT WARNING * * *
Unknown command.
You barely miss Pikel.
Pikel is moderately wounded.
You slash the lemure! You closely miss the lemure. You barely miss the lemure.
The lemure hits you but does no damage. The lemure barely misses you.
Pikel hits you with a +1 whip of electrocution!
You die...
Pikel says, "Another soul for the market."

...≈≈...♣ #..#.###..†55.......
.⌠....8.♣####... #.............
...≈≈...♣#.##..................
.∩.≈≈.⌠.♣#..#.................[
...≈≈...♣#.....#...#[.....#...)
♣♣.≈≈.♣♣♣#.....##..#......#....
##.≈≈.####................# #.#
...≈≈..........55K...#....# ..
...≈≈..........5@#...##..##
...≈≈............##
...≈≈..#.....#....##
......##....#####..# .#
........##...# #..## ..##
..##...####..# #...#....#
.###....# #..###........#
.##.....# #............##
####...## #..##......###


You could see Pikel and 3 lemures.

Vanquished Creatures
  A phantom (D:4)
  An orc priest (D:3)
  3 adders
  A ribbon worm (D:3)
  3 dart slugs
  7 orcs (D:3)
  3 endoplasms
  3 giant cockroaches
  8 goblins
  7 hobgoblins
  A jackal (D:2)
  3 quokkas
  10 ball pythons
  6 bats
  5 frilled lizards
  2 kobolds
  6 rats
70 creatures vanquished.

Notes
Turn   | Place    | Note
-------+----------+-------------------------------------------
     0 | D:1      | ezpacito the Demonspawn Berserker began the quest for the
                  | Orb.
     0 | D:1      | Reached XP level 1. HP: 18/18 MP: 1/1
   233 | D:1      | Gained mutation: You are partially covered in thin metallic
                  | scales. (AC +2) [demonic ancestry]
   233 | D:1      | Reached XP level 2. HP: 19/24 MP: 2/2
   348 | D:1      | Found a faded altar of an unknown god.
   357 | D:1      | Reached skill level 3 in Axes
   741 | D:2      | Gained mutation: You are partially covered in sharp spines.
                  | [demonic ancestry]
   741 | D:2      | Reached XP level 3. HP: 29/29 MP: 3/3
   916 | D:2      | Reached ** piety under Trog
  1652 | D:3      | Reached skill level 1 in Stealth
  1707 | D:3      | Reached XP level 4. HP: 35/35 MP: 4/4
  1740 | D:3      | Reached skill level 1 in Throwing
  2001 | D:3      | Found a sacrificial altar of Ru.
  2348 | D:4      | Noticed Pikel
  2348 | D:4      | Noticed a lemure
  2348 | D:4      | Noticed a lemure
  2348 | D:4      | Noticed a lemure
  2348 | D:4      | Noticed a phantom
  2349 | D:4      | Noticed a lemure
  2360 | D:4      | Killed a phantom
  2361 | D:4      | Reached skill level 4 in Axes
  2361 | D:4      | Reached XP level 5. HP: 41/41 MP: 5/5
  2367 | D:4      | Reached skill level 1 in Unarmed Combat
  2367 | D:4      | Found Buntucel's Distillery.
  2471 | D:4      | Found Sel Beam's General Store.
  2475 | D:4      | Bought a potion of mutation for 96 gold pieces
  2535 | D:4      | HP: 1/61 [lemure[Pikel] (6)]
  2536 | D:4      | Mangled by Pikel

Illustrated notes

Levels and vault maps discovered:
D:1:      psy_arrival_terrarium, layout_basic, chequers_ecumenical_altar_simple,
          minmay_tromino_v7
D:2:      minmay_angry_zag, layout_loops_ring, minmay_circled_x
D:3:      layout_loops_cross, nicolae_ru_the_path_less_chosen,
          chequers_serial_rivers_small_b, serial_bayou_pond_e
D:4:      layout_cave_pools, nicolae_wooded_promenade, uniq_pikel

Skill      XL: |  1  2  3  4  5 |
---------------+----------------+-----
Axes           | 3 4 |  4.2
Dodging        | 2 |  2.3
Armour         | 2 |  2.4
Stealth        | 1 |  1.4
Throwing       | 1 |  1.0
Unarmed Combat | 1 |  1.0
Fighting       | |  3.5

Action                     |  1- 3 |  4- 6 || total
---------------------------+-------+-------++-------
  Melee: Hand axe          |   129 |    56 ||   185
 Invoke: Berserk           |     1 |     2 ||     3
    Use: Potion            |       |     2 ||     2
         Scroll            |       |     1 ||     1
 Armour: Ring mail         |    68 |       ||    68
         Animal skin       |     5 |       ||     5
         Scale mail        |     7 |    11 ||    18
         Chain mail        |       |    49 ||    49
  Dodge: Dodged            |    76 |    38 ||   114
